 Dungeon Crawl Stone Soup version 0.25.1-2-g60ff931df9 (webtiles) character file.

Game seed: 9553805934784578017

475 DearestLeader the Ducker (level 6, -14/48 HPs)
             Began as a Demonspawn Gladiator on Oct 11, 2020.
             Was an Initiate of Qazlal.
             Splashed by Ijyb's acid (16 damage)
             ... on level 5 of the Dungeon.
             The game lasted 00:06:43 (3918 turns).

DearestLeader the Ducker (Demonspawn Gladiator)     Turns: 3918, Time: 00:06:44

Health: -14/48     AC:  3    Str: 17    XL:     6   Next: 84%
Magic:  0/6        EV: 13    Int:  9    God:    Qazlal [......]
Gold:   159        SH:  0    Dex: 14    Spells: 5/5 levels left

rFire    . . .     SeeInvis .   u - +6 mace "Erediydo" {vorpal, MR+}
rCold    . . .     Gourm    .   (no shield)
rNeg     . . .     Faith    .   g - +0 ring mail
rPois    +         Spirit   +   (helmet restricted)
rElec    .         Reflect  .   p - +1 cloak
rCorr    .         Harm     .   (no gloves)
MR       +....                  (no boots)
Stlth    +.........             h - amulet of guardian spirit
HPRegen  0.16/turn              (no ring)
MPRegen  0.10/turn              (no ring)

@: corroded
A: antennae 2, claws 1, poison resistance, powered by death 2
a: Renounce Religion


You were on level 5 of the Dungeon.
You worshipped Qazlal.
Qazlal was noncommittal.
You were not hungry.

You visited 1 branch of the dungeon, and saw 5 of its levels.

You collected 159 gold pieces.

Inventory:

Hand Weapons
 o - the +1 mace of Crusades {freeze, +Fly rC+++ MR+ Dex-2}
   (You found it on level 4 of the Dungeon)

   It has been specially enchanted to freeze those struck by it, causing extra
   injury to most foes and up to half again as much damage against particularly
   susceptible opponents.
   It can also slow down cold-blooded creatures.
   It affects your dexterity (-2).
   It renders you almost immune to cold.
   It affects your resistance to hostile enchantments.
   It lets you fly.
 u - the +6 mace "Erediydo" (weapon) {vorpal, MR+}
   (You found it on level 4 of the Dungeon)

   It inflicts extra damage upon your enemies.
   It affects your resistance to hostile enchantments.
Missiles
 d - 3 throwing nets (quivered)
Armour
 b - a +0 leather armour
 c - a +0 helmet
 g - a +0 ring mail (worn)
 p - a +1 cloak (worn)
Jewellery
 h - an amulet of guardian spirit (around neck)
Wands
 n - a wand of disintegration (19)
Scrolls
 e - 2 scrolls of remove curse
 i - 3 scrolls of fear {unknown}
 j - 8 scrolls of teleportation {unknown}
 l - a scroll of immolation {unknown}
Potions
 k - a potion of cancellation {unknown}
 m - a potion of curing {unknown}
 q - a potion of resistance {unknown}
 r - a potion of mutation
 s - a potion of magic {unknown}
 t - a potion of invisibility {unknown}
Comestibles
 a - a chunk of flesh
 f - 9 rations


   Skills:
 + Level 4.1 Fighting
 * Level 2.2 Maces & Flails
   Level 2.6 Polearms
 - Level 1.7 Throwing
 + Level 3.3 Armour
 + Level 4.3 Dodging


You had 5 spell levels left.
You didn't know any spells.
Your spell library was empty.

Dungeon Overview and Level Annotations

Branches:
Dungeon (5/15)
 Temple: D:4-7

Altars:
Qazlal

Annotations:
D:4 Dowan, Duvessa
D:5 Ijyb


Innate Abilities, Weirdness & Mutations

You have a pair of antennae on your head.
You regenerate health from kills.
You have sharp fingernails.
Your system is resistant to poisons. (rPois)


Message History

Ijyb is severely wounded.
Ijyb closely misses you.
You closely miss Ijyb.
Ijyb is severely wounded.
Ijyb misses you. Ijyb barely misses you.
You barely miss Ijyb.
Ijyb is severely wounded.
Ijyb hits you but does no damage.
You hit Ijyb.
Ijyb is severely wounded.
Ijyb closely misses you.
You hit Ijyb.
Ijyb is almost dead.
Ijyb zaps a wand.
The bolt of acid misses you.
You closely miss Ijyb.
Ijyb is almost dead.
Ijyb zaps a wand.
The bolt of acid hits you!!
* * * LOW HITPOINT WARNING * * *
The acid corrodes you!
You are splashed with acid!
You die...

###.####.#....#........
#..# #.# #.##..#####.
#..# #.# #.##..# ##..#
#.# #.##..# .. #...#
#.###..#..###....
#.#.###................
##.......####.##.###...
....≈....####.##g# .
#..≈≈≈≈.......##@#
#.≈≈≈≈≈≈.#######.#
#..≈≈....# #.#
#...P..... ...
..##.###### ### ## #.
#.


You could see Ijyb.

Vanquished Creatures
  A water moccasin zombie (D:5)
  2 bullfrog zombies (D:5)
  2 bullfrog skeletons (D:5)
  A centaur skeleton (D:5)
  An iguana (D:5)
  Natasha (thrice) (D:2)
  Robin (D:2)
  A worker ant zombie (D:4)
  6 adders
  3 adder zombies (D:5)
  2 worms
  2 dart slugs
  2 leopard geckos
  4 orcs (D:3)
  A ball python (D:5)
  6 giant cockroaches
  15 goblins
  7 hobgoblins
  7 jackals
  A quokka (D:3)
  4 bats
  3 frilled lizards
  A giant cockroach zombie (D:5)
  4 kobolds
  2 leopard gecko skeletons (D:5)
  A leopard gecko zombie (D:5)
  5 rats
88 creatures vanquished.

Notes
Turn   | Place    | Note
-------+----------+-------------------------------------------
     0 | D:1      | DearestLeader the Demonspawn Gladiator began the quest for
                  | the Orb.
     0 | D:1      | Reached XP level 1. HP: 16/16 MP: 1/1
   191 | D:1      | Gained mutation: You regenerate a little health from kills.
                  | [demonic ancestry]
   191 | D:1      | Reached XP level 2. HP: 18/23 MP: 2/2
  1137 | D:2      | Reached XP level 3. HP: 17/28 MP: 1/3
  1467 | D:2      | Noticed Natasha
  1483 | D:2      | Killed Natasha
  1483 | D:2      | Reached skill level 1 in Armour
  1806 | D:2      | Noticed Robin
  1833 | D:2      | Gained mutation: You regenerate health from kills. [demonic
                  | ancestry]
  1833 | D:2      | Reached XP level 4. HP: 6/35 MP: 1/4
  1861 | D:2      | Killed Robin
  2003 | D:2      | Noticed Natasha
  2011 | D:2      | Killed Natasha
  2054 | D:2      | Noticed Natasha
  2063 | D:2      | Killed Natasha
  2063 | D:2      | Gained mutation: You have a pair of small antennae on your
                  | head. [demonic ancestry]
  2063 | D:2      | Reached XP level 5. HP: 26/41 MP: 2/5
  3269 | D:4      | Found a stormy altar of Qazlal.
  3273 | D:4      | Became a worshipper of Qazlal Stormbringer
  3305 | D:4      | Got a masterwork mace
  3305 | D:4      | Identified the +1 mace of Crusades {freeze, +Fly rC+++ MR+
                  | Dex-2} (You found it on level 4 of the Dungeon)
  3310 | D:4      | Got a bloodstained mace
  3310 | D:4      | Identified the +6 mace "Erediydo" {vorpal, MR+} (You found
                  | it on level 4 of the Dungeon)
  3388 | D:4      | Noticed Dowan
  3388 | D:4      | Noticed Duvessa
  3407 | D:4      | Gained mutation: Your system is resistant to poisons.
                  | (rPois) [potion of mutation]
  3407 | D:4      | Gained mutation: You have sharp fingernails. [potion of
                  | mutation]
  3451 | D:5      | Entered Level 5 of the Dungeon
  3635 | D:5      | Reached skill level 1 in Maces & Flails
  3635 | D:5      | Gained mutation: You have a pair of antennae on your head.
                  | [demonic ancestry]
  3635 | D:5      | Reached XP level 6. HP: 44/48 MP: 4/6
  3897 | D:5      | Noticed Ijyb
  3918 | D:5      | HP: 2/48 [Ijyb/bolt of acid (15)]
  3918 | D:5      | Splashed by Ijyb's acid

Illustrated notes

Levels and vault maps discovered:
D:1:      lightli_arrival_quake, layout_basic
D:2:      layout_basic, uniq_natasha, uniq_robin
D:3:      kennysheep_big_flooded_room, layout_basic, first_ration
D:4:      layout_basic, kennysheep_mini, uniq_duvessa, uniq_crazy_yiuf_cottage,
          uniq_edmund
D:5:      layout_loops_ring, minmay_temple_entry_hall, serial_undead,
          serial_undead_d, serial_undead_b, serial_undead_e, serial_undead_a,
          serial_undead_a, serial_undead_f, serial_undead_f, solitary_fountain,
          hangedman_abyss_or_decor_passed, uniq_ijyb

Skill      XL: |  1  2  3  4  5  6 |
---------------+-------------------+-----
Dodging        | 3 4 |  4.3
Fighting       | 3 4 |  4.1
Armour         | 1 2 3 |  3.3
Maces & Flails | 1 2 |  2.2
Polearms       | |  2.6
Throwing       | |  1.7

Action                   |  1- 3 |  4- 6 || total
-------------------------+-------+-------++-------
Melee: Trident           |   119 |   160 ||   279
       Mace              |       |    98 ||    98
  Use: Scroll            |     1 |       ||     1
       Potion            |       |     2 ||     2
  Eat: Chunk             |     3 |     7 ||    10
Armor: Leather armour    |    14 |       ||    14
       Ring mail         |     9 |   117 ||   126
Dodge: Dodged            |    91 |   223 ||   314
